[Event "GER-ch Youth U10W 2020"]
[Site "Willingen"]
[Date "2020.10.30"]
[Round "6.18"]
[White "Peglau, Lorena"]
[Black "Mehner, Clara"]
[Result "1/2-1/2"]
[ECO "C44"]
[WhiteElo "1061"]
[BlackElo "1244"]
[Annotator "NA RC"]
[PlyCount "100"]
[EventDate "2020.10.27"]
[EventType "swiss"]
[EventRounds "7"]
[EventCountry "GER"]
[SourceTitle "playchess.com"]
[Source "ChessBase"]
[SourceQuality "1"]
[TimeControl "40/4500+30:900+30"]

1. e4 e5 2. Nf3 Nc6 3. d4 exd4 4. Nxd4 Nf6 5. Nxc6 bxc6 6. Nc3 Bb4 7. Bd3 d5 8. exd5 cxd5 9. O-O O-O 10. Bg5 c6 11. h3 Re8 12. Qf3 Be7 13. Rfe1 Be6 14. Ne2 Rb8 15. b3 c5 16. c4 d4 17. Nf4 Bd7 18. Rxe7 Qxe7 19. Nh5 Rb6 20. Bxf6 Rxf6 21. Nxf6+ Qxf6 22. Qh5 g6 23. Qxc5 Qb6 24. Qxb6 axb6 25. a4 f5 26. Rc1 Kg7 27. c5 Rc8 28. c6 Rxc6 29. Rxc6 Bxc6 30. Bb5 Bxb5 31. axb5 Kf6 32. Kf1 Ke5 33. Ke2 h5 34. f3 Kd5 35. Kd3 Kc5 36. g3 g5 37. g4 fxg4 38. fxg4 h4 39. Ke4 Kxb5 40. Kxd4 Kb4 41. Kd3 Kxb3 42. Kd2 b5 43. Kc1 b4 44. Kb1 Kc3 45. Kc1 b3 46. Kb1 b2 47. Ka2 Kc2 48. Ka3 b1=Q 49. Ka4 Qb6 50. Ka3 Qb3# 1/2-1/2

[Event "GER-ch Youth U10W 2020"]
[Site "Willingen"]
[Date "2020.10.31"]
[Round "7.1"]
[White "Sickmann, Lisa"]
[Black "Hoffmann, Svenja"]
[Result "1-0"]
[ECO "C70"]
[WhiteElo "1510"]
[BlackElo "1219"]
[Annotator "NA RC"]
[PlyCount "59"]
[EventDate "2020.10.27"]
[EventType "swiss"]
[EventRounds "7"]
[EventCountry "GER"]
[SourceTitle "playchess.com"]
[Source "ChessBase"]
[SourceQuality "1"]
[TimeControl "40/4500+30:900+30"]

1. e4 e5 2. Nf3 Nc6 3. Bb5 a6 4. Ba4 b5 5. Bb3 Na5 6. d4 exd4 7. O-O Bb7 8. Bf4 c5 9. Bd5 Bxd5 10. exd5 d6 11. Bg5 Be7 12. Re1 Qc7 13. Bxe7 Nxe7 14. Qe2 Ra7 15. c3 dxc3 16. Nxc3 O-O 17. Rac1 Nc4 18. b3 Nb6 19. Qd3 b4 20. Ng5 g6 21. Nge4 bxc3 22. Nf6+ Kg7 23. Qxc3 Qd8 24. Ne8+ Kh6 25. Qh3+ Kg5 26. f4+ Kxf4 27. g3+ Kf3 28. Qf1+ Kg4 29. Qf4+ Kh5 30. Qh4# 1-0

[Event "GER-ch Youth U10W 2020"]
[Site "Willingen"]
[Date "2020.10.31"]
[Round "7.2"]
[White "Trunz, Tamila"]
[Black "Neininger, Sarah"]
[Result "1-0"]
[ECO "B24"]
[WhiteElo "1379"]
[BlackElo "1469"]
[Annotator "NA RC"]
[PlyCount "83"]
[EventDate "2020.10.27"]
[EventType "swiss"]
[EventRounds "7"]
[EventCountry "GER"]
[SourceTitle "playchess.com"]
[Source "ChessBase"]
[SourceQuality "1"]
[TimeControl "40/4500+30:900+30"]

1. e4 c5 2. Nc3 Nc6 3. g3 g6 4. Bg2 Bg7 5. d3 Nf6 6. Be3 d6 7. h3 O-O 8. Qd2 Nd4 9. Nd1 d5 10. c3 Ne6 11. Bh6 dxe4 12. Bxg7 Kxg7 13. dxe4 Qxd2+ 14. Kxd2 Ng5 15. e5 Nd7 16. f4 Ne6 17. Ke3 f6 18. exf6+ exf6 19. g4 Re8 20. Kf3 b6 21. Kg3 Rb8 22. Ne3 Nc7 23. Nc4 b5 24. Nd6 Re6 25. Rd1 Nf8 26. h4 Ne8 27. Nxc8 Rxc8 28. Nf3 Rc7 29. h5 Rd7 30. Rxd7+ Nxd7 31. Rd1 Rd6 32. Re1 Kf7 33. hxg6+ hxg6 34. Nh4 g5 35. fxg5 fxg5 36. Nf5 Re6 37. Bd5 Nc7 38. Bxe6+ Nxe6 39. Nd6+ Kf6 40. Nxb5 a6 41. Nd6 Nf4 42. Ne4+ 1-0

[Event "GER-ch Youth U10W 2020"]
[Site "Willingen"]
[Date "2020.10.31"]
[Round "7.3"]
[White "Kutz, Ida Klara"]
[Black "Czaeczine, Paula"]
[Result "1-0"]
[ECO "A29"]
[WhiteElo "997"]
[BlackElo "1127"]
[Annotator "NA RC"]
[PlyCount "79"]
[EventDate "2020.10.27"]
[EventType "swiss"]
[EventRounds "7"]
[EventCountry "GER"]
[SourceTitle "playchess.com"]
[Source "ChessBase"]
[SourceQuality "1"]
[TimeControl "40/4500+30:900+30"]

1. c4 e5 2. Nc3 Nf6 3. Nf3 Nc6 4. g3 Bc5 5. Bg2 O-O 6. O-O d5 7. cxd5 Nxd5 8. Qc2 Be6 9. Nxd5 Qxd5 10. Ng5 e4 11. Nxe4 Bxf2+ 12. Nxf2 Nd4 13. Qxc7 Nxe2+ 14. Kh1 Qh5 15. Ne4 Rac8 16. Qe7 Qe5 17. Qg5 Qd4 18. Qe3 Qxe3 19. dxe3 Rc2 20. Re1 Rd8 21. Bf3 Nxc1 22. Raxc1 Rxb2 23. Red1 Re8 24. Nd6 Rb8 25. Nxb7 Rxa2 26. Rd8+ Rxd8 27. Nxd8 Bh3 28. Nxf7 Rf2 29. Bd5 Kf8 30. Ng5 Bf5 31. e4 Bg6 32. Rc8+ Ke7 33. Rc7+ Kf6 34. h4 a5 35. Rc8 Rb2 36. Rc6+ Ke7 37. Re6+ Kf8 38. Re5 Rb5 39. h5 Be8 40. Nxh7# 1-0

[Event "GER-ch Youth U10W 2020"]
[Site "Willingen"]
[Date "2020.10.31"]
[Round "7.4"]
[White "Bako, Isabella"]
[Black "Bauer, Laura Sophie"]
[Result "0-1"]
[ECO "B27"]
[WhiteElo "1153"]
[BlackElo "1287"]
[Annotator "NA RC"]
[PlyCount "101"]
[EventDate "2020.10.27"]
[EventType "swiss"]
[EventRounds "7"]
[EventCountry "GER"]
[SourceTitle "playchess.com"]
[Source "ChessBase"]
[SourceQuality "1"]
[TimeControl "40/4500+30:900+30"]

1. e4 c5 2. Nf3 g6 3. c4 Nc6 4. d4 cxd4 5. Nxd4 Nf6 6. Nc3 d6 7. f3 Nxd4 8. Qxd4 Bg7 9. Qd1 O-O 10. Be3 Be6 11. Qd2 Qa5 12. Be2 Rfc8 13. b3 a6 14. Rd1 b5 15. Nd5 Qxd2+ 16. Bxd2 Nxd5 17. cxd5 Bd7 18. Be3 Rc2 19. a3 Rc3 20. Rd3 Rac8 21. O-O Rxd3 22. Bxd3 Rc3 23. Rd1 Rxb3 24. Bc1 Bd4+ 25. Kf1 Bc5 26. Bc2 Rc3 27. Bb1 Bxa3 28. Bd2 Rc8 29. Bg5 f6 30. Bh6 b4 31. Ba2 Bb5+ 32. Kf2 Rc2+ 33. Rd2 Rxd2+ 34. Bxd2 a5 35. Ke1 a4 36. Kd1 b3 37. Bb1 Bb2 38. Bc1 Bxc1 39. Kxc1 a3 40. e5 a2 41. Kb2 axb1=Q+ 42. Kxb1 fxe5 43. Kb2 Bc4 44. Kc3 Bxd5 45. Kb2 Kf7 46. Kc3 Kf6 47. Kb2 Kf5 48. Kc3 Kf4 49. Kd3 e4+ 50. fxe4 Bxe4+ 51. Kc3 0-1

[Event "GER-ch Youth U10W 2020"]
[Site "Willingen"]
[Date "2020.10.31"]
[Round "7.5"]
[White "Richter, Johanna"]
[Black "Meier, Viktoria"]
[Result "1-0"]
[ECO "A58"]
[WhiteElo "1150"]
[BlackElo "1316"]
[Annotator "NA RC"]
[PlyCount "129"]
[EventDate "2020.10.27"]
[EventType "swiss"]
[EventRounds "7"]
[EventCountry "GER"]
[SourceTitle "playchess.com"]
[Source "ChessBase"]
[SourceQuality "1"]
[TimeControl "40/4500+30:900+30"]

1. d4 Nf6 2. c4 c5 3. d5 b5 4. cxb5 a6 5. bxa6 g6 6. g3 Bg7 7. Bg2 O-O 8. d6 Nc6 9. dxe7 Qxe7 10. Nf3 Bxa6 11. Nc3 d5 12. e3 Nb4 13. Bf1 Bxf1 14. Kxf1 Qe6 15. a3 Nc6 16. Kg2 Ne5 17. Nxe5 Qxe5 18. Re1 Rfe8 19. Bd2 Ne4 20. Nxe4 Qxe4+ 21. f3 Qe6 22. Rb1 Reb8 23. Qc2 Qd6 24. Bc3 Bxc3 25. Qxc3 d4 26. exd4 Qxd4 27. Qxd4 cxd4 28. Red1 Rd8 29. Rd2 Ra7 30. Rbd1 Rad7 31. b4 Ra8 32. Rxd4 Rxd4 33. Rxd4 Rxa3 34. Rd8+ Kg7 35. Rb8 Ra2+ 36. Kh3 Rb2 37. b5 Rb3 38. f4 h5 39. b6 Kf6 40. Kh4 Rb4 41. Kh3 Rb3 42. b7 Kg7 43. Kg2 Kf6 44. Kh3 Kg7 45. Kh4 Rb4 46. Kh3 Rb3 47. Kg2 f5 48. h4 Rb6 49. Kf2 Kf7 50. Ke3 Ke7 51. Kd4 Kd7 52. Rg8 Rb4+ 53. Ke5 Rb5+ 54. Kf6 Rb6+ 55. Kg5 Rb3 56. b8=Q Rxg3+ 57. Kh6 Rc3 58. Qb7+ Kd6 59. Qb4+ Ke6 60. Qxc3 g5 61. Kxh5 gxh4 62. Qe5+ Kf7 63. Qe8+ Kf6 64. Rf8+ Kg7 65. Qf7# 1-0

[Event "GER-ch Youth U10W 2020"]
[Site "Willingen"]
[Date "2020.10.31"]
[Round "7.6"]
[White "Huber, Laura"]
[Black "Woiteck, Sophia"]
[Result "1/2-1/2"]
[ECO "B23"]
[WhiteElo "1249"]
[BlackElo "1065"]
[Annotator "NA RC"]
[PlyCount "66"]
[EventDate "2020.10.27"]
[EventType "swiss"]
[EventRounds "7"]
[EventCountry "GER"]
[SourceTitle "playchess.com"]
[Source "ChessBase"]
[SourceQuality "1"]
[TimeControl "40/4500+30:900+30"]

1. e4 c5 2. Nc3 Nc6 3. f4 e6 4. Nf3 g6 5. Bc4 Bg7 6. O-O Nge7 7. d3 Na5 8. Bb3 b5 9. Nxb5 Qb6 10. c4 a6 11. Nc3 f5 12. Be3 Bxc3 13. bxc3 fxe4 14. dxe4 Qc6 15. Re1 Rg8 16. Qd3 Rb8 17. Qc2 Bb7 18. Bf2 h6 19. Ne5 Qc7 20. Rad1 d6 21. Ba4+ Bc6 22. Nxc6 Naxc6 23. Rb1 Kf7 24. Bb3 e5 25. Qd2 Rgd8 26. Bg3 Ke6 27. Bh4 Rh8 28. Rf1 Rbf8 29. Bxe7 Nxe7 30. Bd1 h5 31. Be2 Qc6 32. Bd3 h4 33. Rf3 Kd7 1/2-1/2

[Event "GER-ch Youth U10W 2020"]
[Site "Willingen"]
[Date "2020.10.31"]
[Round "7.7"]
[White "Rössling, Laura Marie"]
[Black "Schube, Theresa"]
[Result "0-1"]
[ECO "C51"]
[WhiteElo "937"]
[BlackElo "1131"]
[Annotator "NA RC"]
[PlyCount "108"]
[EventDate "2020.10.27"]
[EventType "swiss"]
[EventRounds "7"]
[EventCountry "GER"]
[SourceTitle "playchess.com"]
[Source "ChessBase"]
[SourceQuality "1"]
[TimeControl "40/4500+30:900+30"]

1. e4 e5 2. Nf3 Nc6 3. Bc4 Bc5 4. b4 Bxb4 5. c3 Bc5 6. d4 exd4 7. O-O dxc3 8. Nxc3 Nge7 9. Bg5 h6 10. Bh4 O-O 11. Nd5 d6 12. Bb5 f6 13. Re1 Ne5 14. Nxe5 dxe5 15. Nxe7+ Bxe7 16. Bc4+ Kh8 17. Rb1 b6 18. Bd5 Rb8 19. Bc6 Bb7 20. Bxb7 Rxb7 21. a4 c6 22. a5 Bc5 23. Qg4 Qd2 24. Qe6 Qd6 25. Qf5 Bb4 26. Red1 Qe7 27. axb6 axb6 28. Ra1 Ra7 29. Qf3 Rfa8 30. Rac1 Bc5 31. h3 Ra2 32. Kf1 Qf7 33. Qf5 R2a7 34. Rd2 Ra1 35. Rdd1 Rxc1 36. Rxc1 g5 37. Bg3 h5 38. h4 g4 39. f3 gxf3 40. Qxf3 Rc8 41. Bxe5 Kg7 42. Qg3+ Qg6 43. Qh3 Rd8 44. Bc7 Rd2 45. Bf4 Rf2+ 46. Kg1 Rf3+ 47. Kh2 Rxh3+ 48. Kxh3 Qg4+ 49. Kh2 Qxf4+ 50. Kh3 Qxc1 51. g4 Qg1 52. gxh5 Bf2 53. h6+ Kf7 54. h5 Qg3# 0-1

[Event "GER-ch Youth U10W 2020"]
[Site "Willingen"]
[Date "2020.10.31"]
[Round "7.8"]
[White "Halas, Neele Zoe"]
[Black "Zhu, Jenny"]
[Result "1-0"]
[ECO "C45"]
[WhiteElo "1295"]
[BlackElo "1573"]
[Annotator "NA RC"]
[PlyCount "85"]
[EventDate "2020.10.27"]
[EventType "swiss"]
[EventRounds "7"]
[EventCountry "GER"]
[SourceTitle "playchess.com"]
[Source "ChessBase"]
[SourceQuality "1"]
[TimeControl "40/4500+30:900+30"]

1. e4 e5 2. Nf3 Nc6 3. d4 exd4 4. Nxd4 Nf6 5. Nxc6 bxc6 6. e5 Nd5 7. Bc4 Bb7 8. O-O Be7 9. Qg4 Rg8 10. Qf3 d6 11. Nc3 dxe5 12. Rd1 Qd6 13. Nxd5 cxd5 14. Bxd5 Bxd5 15. Rxd5 Qb4 16. Rxe5 Qd4 17. Qxa8+ Kd7 18. Qd5+ Qxd5 19. Rxd5+ Kc8 20. Bd2 Re8 21. Re1 c6 22. Rd3 c5 23. Bc3 c4 24. Rde3 Kd7 25. Bb4 Bxb4 26. Rxe8 Bxe1 27. Rxe1 a5 28. f3 Kc6 29. Rd1 Kb5 30. c3 a4 31. a3 f6 32. Kf2 g5 33. Ke3 h6 34. Rd5+ Kc6 35. Ke4 Kb7 36. Kd4 h5 37. Kxc4 h4 38. Rd6 Ka8 39. Rd7 f5 40. Kc5 h3 41. Kb6 Kb8 42. g3 Ka8 43. Kb5 1-0

[Event "GER-ch Youth U10W 2020"]
[Site "Willingen"]
[Date "2020.10.31"]
[Round "7.9"]
[White "Will, Elina"]
[Black "Nalam, Mokshadha"]
[Result "0-1"]
[ECO "C45"]
[WhiteElo "1149"]
[BlackElo "962"]
[Annotator "NA RC"]
[PlyCount "52"]
[EventDate "2020.10.27"]
[EventType "swiss"]
[EventRounds "7"]
[EventCountry "GER"]
[SourceTitle "playchess.com"]
[Source "ChessBase"]
[SourceQuality "1"]
[TimeControl "40/4500+30:900+30"]

1. e4 e5 2. Nf3 Nc6 3. d4 exd4 4. Nxd4 Bc5 5. c3 Qf6 6. Be3 Nge7 7. Be2 O-O 8. O-O d5 9. Bf3 dxe4 10. Bxe4 Bd6 11. Nf3 Bg4 12. Nbd2 Rad8 13. Qc2 Ng6 14. Bg5 Qe6 15. Bxd8 Rxd8 16. h3 Bxf3 17. Nxf3 Nce5 18. Qe2 Nf4 19. Qc2 Nxf3+ 20. Bxf3 Nxh3+ 21. gxh3 Qxh3 22. Rfd1 Qxf3 23. Kf1 Qh1+ 24. Ke2 Re8+ 25. Kd3 Qe4+ 26. Kd2 Bf4# 0-1

[Event "GER-ch Youth U10W 2020"]
[Site "Willingen"]
[Date "2020.10.31"]
[Round "7.10"]
[White "Le, Thao-Linh"]
[Black "Yan, Jenny"]
[Result "1-0"]
[ECO "C26"]
[WhiteElo "1121"]
[BlackElo "952"]
[Annotator "NA RC"]
[PlyCount "83"]
[EventDate "2020.10.27"]
[EventType "swiss"]
[EventRounds "7"]
[EventCountry "GER"]
[SourceTitle "playchess.com"]
[Source "ChessBase"]
[SourceQuality "1"]
[TimeControl "40/4500+30:900+30"]

1. e4 e5 2. Nc3 Nf6 3. g3 d5 4. exd5 Nxd5 5. Bg2 Nxc3 6. bxc3 Nc6 7. Rb1 Bc5 8. Ne2 Bb6 9. d3 Be6 10. Ba3 Bxa2 11. Rb2 Bd5 12. O-O Bxg2 13. Kxg2 Ne7 14. d4 exd4 15. Nxd4 O-O 16. Re1 c5 17. Qg4 Re8 18. Nf5 Nxf5 19. Rxe8+ Qxe8 20. Qxf5 Qc6+ 21. Kg1 Qc8 22. Qg5 Qc6 23. c4 Rd8 24. Rb1 f6 25. Qg4 Qa4 26. Bc1 Qxc2 27. Ra1 Qd1+ 28. Qxd1 Rxd1+ 29. Kg2 Bc7 30. Kf3 Be5 31. Rb1 Kf7 32. Ke2 Rh1 33. Rxb7+ Kg6 34. Be3 Bd4 35. Bxd4 cxd4 36. c5 Rc1 37. Rb5 a6 38. Ra5 Rc3 39. Kd2 h5 40. h3 f5 41. Rxa6+ Kg5 42. f4# 1-0

[Event "GER-ch Youth U10W 2020"]
[Site "Willingen"]
[Date "2020.10.31"]
[Round "7.11"]
[White "Manakov, Luisa"]
[Black "Becker, Hanna Charlotte"]
[Result "1-0"]
[ECO "C54"]
[WhiteElo "1103"]
[BlackElo "853"]
[Annotator "NA RC"]
[PlyCount "51"]
[EventDate "2020.10.27"]
[EventType "swiss"]
[EventRounds "7"]
[EventCountry "GER"]
[SourceTitle "playchess.com"]
[Source "ChessBase"]
[SourceQuality "1"]
[TimeControl "40/4500+30:900+30"]

1. e4 e5 2. Nf3 Nc6 3. Bc4 Bc5 4. c3 Nf6 5. d4 exd4 6. cxd4 Bb4+ 7. Nc3 Nxe4 8. O-O Nxc3 9. bxc3 Bxc3 10. Qb3 Bxa1 11. Bxf7+ Kf8 12. Bg5 Ne7 13. Re1 d5 14. Bxe7+ Qxe7 15. Rxe7 Kxe7 16. Bxd5 Bg4 17. Qc2 c6 18. Qc5+ Kd7 19. Ne5+ Kc8 20. Nxg4 Re8 21. g3 Re1+ 22. Kg2 h5 23. Ne5 Rd1 24. Bxc6 bxc6 25. Qxc6+ Kb8 26. Nd7# 1-0

[Event "GER-ch Youth U10W 2020"]
[Site "Willingen"]
[Date "2020.10.31"]
[Round "7.12"]
[White "Strübel, Katharina"]
[Black "Wolf, Anna"]
[Result "1-0"]
[ECO "C02"]
[WhiteElo "1091"]
[BlackElo "1098"]
[Annotator "NA RC"]
[PlyCount "135"]
[EventDate "2020.10.27"]
[EventType "swiss"]
[EventRounds "7"]
[EventCountry "GER"]
[SourceTitle "playchess.com"]
[Source "ChessBase"]
[SourceQuality "1"]
[TimeControl "40/4500+30:900+30"]

1. e4 e6 2. d4 d5 3. e5 c5 4. c3 Nc6 5. Nf3 Qb6 6. Be2 Bd7 7. a3 Nge7 8. b4 cxd4 9. cxd4 Nf5 10. Bb2 Be7 11. O-O a6 12. Qd3 O-O 13. b5 axb5 14. Qxb5 Qxb5 15. Bxb5 Rfc8 16. Nc3 Nb8 17. Bd3 Nh4 18. Nd2 Nc6 19. g3 Nf5 20. Bxf5 exf5 21. Nxd5 Bd8 22. Nc4 Be6 23. Ncb6 Bxd5 24. Nxd5 Ne7 25. Nxe7+ Bxe7 26. d5 Rc2 27. Bc1 Rd8 28. d6 Bf8 29. Rb1 Rd7 30. Re1 g6 31. e6 fxe6 32. Rxe6 Rxd6 33. Rxd6 Bxd6 34. Bh6 Bxa3 35. Rxb7 Bd6 36. Rg7+ Kh8 37. Rd7 Bc7 38. Re7 Kg8 39. Re8+ Kf7 40. Rc8 Rc6 41. Bf4 Kf6 42. Rxc7 Re6 43. Rxh7 g5 44. Rh6+ Kf7 45. Rxe6 Kxe6 46. Bxg5 Kf7 47. h4 Kg6 48. f4 Kh5 49. Kg2 Kg4 50. Be7 Kh5 51. Kf3 Kh6 52. g4 fxg4+ 53. Kxg4 Kg6 54. f5+ Kh7 55. Kg5 Kg7 56. f6+ Kf7 57. h5 Ke6 58. h6 Kd5 59. f7 Kd4 60. f8=Q Ke4 61. Qf5+ Ke3 62. Bc5+ Ke2 63. Qf4 Kd3 64. Qd4+ Ke2 65. Qc3 Kf1 66. Qc2 Ke1 67. Be3 Kf1 68. Qf2# 1-0

[Event "GER-ch Youth U10W 2020"]
[Site "Willingen"]
[Date "2020.10.31"]
[Round "7.13"]
[White "Zimmermann, Lilly Marie"]
[Black "Abram, Kristina-Maria"]
[Result "0-1"]
[ECO "C45"]
[WhiteElo "851"]
[BlackElo "1038"]
[Annotator "NA RC"]
[PlyCount "34"]
[EventDate "2020.10.27"]
[EventType "swiss"]
[EventRounds "7"]
[EventCountry "GER"]
[SourceTitle "playchess.com"]
[Source "ChessBase"]
[SourceQuality "1"]
[TimeControl "40/4500+30:900+30"]

1. e4 e5 2. Nf3 Nc6 3. d4 exd4 4. Nxd4 Bc5 5. Nxc6 Qf6 6. Qd2 Qxc6 7. e5 Qe4+ 8. Be2 Qxg2 9. Rf1 Qxh2 10. Bc4 Qxe5+ 11. Kd1 Qf6 12. Qe2+ Ne7 13. Qg4 d5 14. Bd3 Bxg4+ 15. Ke1 Qe5+ 16. Kd2 Qf4+ 17. Kc3 Qb4# 0-1

[Event "GER-ch Youth U10W 2020"]
[Site "Willingen"]
[Date "2020.10.31"]
[Round "7.15"]
[White "Heidtkamp, Anna"]
[Black "John, Linnea"]
[Result "1/2-1/2"]
[ECO "B34"]
[WhiteElo "1078"]
[BlackElo "1146"]
[Annotator "NA RC"]
[PlyCount "127"]
[EventDate "2020.10.27"]
[EventType "swiss"]
[EventRounds "7"]
[EventCountry "GER"]
[SourceTitle "playchess.com"]
[Source "ChessBase"]
[SourceQuality "1"]
[TimeControl "40/4500+30:900+30"]

1. e4 c5 2. Nf3 Nc6 3. d4 cxd4 4. Nxd4 g6 5. Nc3 Bg7 6. Be3 Nf6 7. Nxc6 bxc6 8. e5 Ng8 9. f4 Nh6 10. Bc4 O-O 11. Qd2 Nf5 12. Bf2 d6 13. exd6 Qxd6 14. Be3 Nxe3 15. Qxe3 Qd4 16. Qxd4 Bxd4 17. Rd1 Bg7 18. O-O Bg4 19. Rde1 Bf6 20. h3 Bf5 21. g4 Bd7 22. Rd1 Rfd8 23. Rf2 Be8 24. Rfd2 Rxd2 25. Rxd2 Rb8 26. Na4 c5 27. b3 Bd4+ 28. Kf1 Rb7 29. Re2 Bc6 30. Ba6 Rc7 31. c3 Bf6 32. Nxc5 Bf3 33. Re3 Bxg4 34. hxg4 Rxc5 35. g5 Rxc3 36. Rxc3 Bxc3 37. Ke2 e5 38. fxe5 Bxe5 39. a4 Bc3 40. Kd3 Ba5 41. Kc4 Kf8 42. Kb5 Bb6 43. a5 Bc7 44. b4 Ke7 45. Kc6 Bd8 46. Kb7 f6 47. gxf6+ Kxf6 48. Kxa7 g5 49. b5 Bxa5 50. Bc8 h5 51. Ka6 Bd8 52. b6 Bxb6 53. Kxb6 g4 54. Bb7 h4 55. Kc5 Kf5 56. Kd4 Kf4 57. Kd3 h3 58. Ke2 Kg3 59. Kf1 h2 60. Ba8 Kh3 61. Kf2 g3+ 62. Kf1 h1=Q+ 63. Bxh1 g2+ 64. Bxg2+ 1/2-1/2

[Event "GER-ch Youth U10W 2020"]
[Site "Willingen"]
[Date "2020.10.31"]
[Round "7.16"]
[White "Le, Thi An"]
[Black "Jäger, Viktoria"]
[Result "1/2-1/2"]
[ECO "C54"]
[WhiteElo "976"]
[BlackElo "1114"]
[Annotator "NA RC"]
[PlyCount "103"]
[EventDate "2020.10.27"]
[EventType "swiss"]
[EventRounds "7"]
[EventCountry "GER"]
[SourceTitle "playchess.com"]
[Source "ChessBase"]
[SourceQuality "1"]
[TimeControl "40/4500+30:900+30"]

1. e4 e5 2. Nf3 Nc6 3. Bc4 Bc5 4. c3 Nf6 5. d4 exd4 6. cxd4 Bb4+ 7. Bd2 Nxe4 8. Bxb4 Nxb4 9. Bxf7+ Kxf7 10. Qb3+ Kf8 11. Qxb4+ Qe7 12. Qxe7+ Kxe7 13. O-O Kd8 14. Ne5 Rf8 15. Nc3 Nxc3 16. bxc3 d6 17. Nc4 Bd7 18. Rfe1 Re8 19. Rxe8+ Bxe8 20. a3 Bb5 21. Na5 Rb8 22. Rb1 Bd3 23. Rd1 Be2 24. Re1 Bd3 25. Re3 Ba6 26. Rg3 g6 27. Rh3 h5 28. c4 Kd7 29. Rf3 Re8 30. h3 Re4 31. Rd3 b6 32. f3 Re1+ 33. Kf2 Rc1 34. Nb3 Rxc4 35. Rd2 c5 36. dxc5 bxc5 37. h4 Rc3 38. Rb2 Bc4 39. Na5 Bd5 40. a4 Kc8 41. f4 Be4 42. Rd2 Rc2 43. Ke3 Bf5 44. Nc6 Rxd2 45. Kxd2 Kb7 46. Ne7 Bg4 47. Nxg6 Kc6 48. Ne7+ Kd7 49. Nd5 Ke6 50. Ne3 Bf5 51. g3 d5 52. a5 1/2-1/2

[Event "GER-ch Youth U10W 2020"]
[Site "Willingen"]
[Date "2020.10.31"]
[Round "7.17"]
[White "Blaufuß, Lena"]
[Black "Tran, Hanna Emilie Mai Hoa"]
[Result "1-0"]
[ECO "C57"]
[WhiteElo "1073"]
[BlackElo "986"]
[Annotator "NA RC"]
[PlyCount "75"]
[EventDate "2020.10.27"]
[EventType "swiss"]
[EventRounds "7"]
[EventCountry "GER"]
[SourceTitle "playchess.com"]
[Source "ChessBase"]
[SourceQuality "1"]
[TimeControl "40/4500+30:900+30"]

1. e4 e5 2. Nf3 Nc6 3. Bc4 Nf6 4. Ng5 d5 5. exd5 Nxd5 6. Qf3 Be6 7. Nxe6 fxe6 8. d3 h6 9. a3 Nd4 10. Qd1 Qd7 11. c3 Nc6 12. Qh5+ Qf7 13. Qxf7+ Kxf7 14. O-O Ke7 15. Re1 a6 16. d4 exd4 17. Bxd5 Kd6 18. Bxe6 Re8 19. Bf4+ Kc5 20. b4+ Kb6 21. h3 Ka7 22. Bxc7 b6 23. Kh1 dxc3 24. Nxc3 Nd4 25. Bc4 Rxe1+ 26. Rxe1 Nc2 27. Re6 Kb7 28. Bxb6 Nxa3 29. Bd5+ Kc8 30. Rc6+ Kd7 31. Bd4 Bd6 32. Bxg7 Re8 33. g3 Re1+ 34. Kg2 Bxb4 35. Na4 Rd1 36. Nb6+ Kd8 37. Bf6+ Ke8 38. Rc8# 1-0

[Event "GER-ch Youth U10W 2020"]
[Site "Willingen"]
[Date "2020.10.31"]
[Round "7.18"]
[White "Tu, Audrey"]
[Black "Zhou, Leyi Charlotte"]
[Result "0-1"]
[ECO "C47"]
[WhiteElo "754"]
[BlackElo "1071"]
[Annotator "NA RC"]
[PlyCount "70"]
[EventDate "2020.10.27"]
[EventType "swiss"]
[EventRounds "7"]
[EventCountry "GER"]
[SourceTitle "playchess.com"]
[Source "ChessBase"]
[SourceQuality "1"]
[TimeControl "40/4500+30:900+30"]

1. e4 e5 2. Nf3 Nc6 3. Nc3 Nf6 4. Bc4 Nxe4 5. d3 Nxc3 6. bxc3 d5 7. Bb5 Bd6 8. Bg5 f6 9. Bh4 Bg4 10. h3 Bh5 11. O-O O-O 12. d4 e4 13. g4 Qd7 14. Nd2 Bg6 15. c4 dxc4 16. Nxc4 Bb4 17. d5 a6 18. Bxc6 bxc6 19. a3 Bc3 20. Rb1 cxd5 21. Rb3 Be5 22. Rb4 Rad8 23. Nxe5 fxe5 24. Bxd8 Qxd8 25. c4 d4 26. Re1 Qh4 27. Re2 Rf3 28. Kf1 Qxh3+ 29. Ke1 Qh1+ 30. Kd2 Rd3+ 31. Kc2 Qxd1+ 32. Kb2 Qxe2+ 33. Ka1 Rxa3+ 34. Kb1 e3+ 35. Kc1 Qd2# 0-1

[Event "GER-ch Youth U10W 2020"]
[Site "Willingen"]
[Date "2020.10.31"]
[Round "7.19"]
[White "Mo, Keyou"]
[Black "Peglau, Lorena"]
[Result "0-1"]
[ECO "B13"]
[WhiteElo "950"]
[BlackElo "1061"]
[Annotator "NA RC"]
[PlyCount "62"]
[EventDate "2020.10.27"]
[EventType "swiss"]
[EventRounds "7"]
[EventCountry "GER"]
[SourceTitle "playchess.com"]
[Source "ChessBase"]
[SourceQuality "1"]
[TimeControl "40/4500+30:900+30"]

1. e4 c6 2. d4 d5 3. exd5 cxd5 4. Nf3 Nc6 5. c4 Nf6 6. Nc3 Bg4 7. Be3 e6 8. h3 Bh5 9. Be2 Qb6 10. b3 dxc4 11. bxc4 Bb4 12. Qd2 Ne4 13. Qc2 Bxc3+ 14. Bd2 Bxa1 15. O-O Bxd4 16. Qxe4 Bf6 17. Rb1 Qc7 18. Bf4 Bg6 19. Bxc7 Bxe4 20. Rxb7 O-O 21. Bd6 Rfd8 22. Bc7 Rd7 23. h4 Rc8 24. Ng5 Rdxc7 25. Rxc7 Rxc7 26. Nxe4 Be5 27. g3 Nd4 28. Bg4 Rxc4 29. Nd2 Rc2 30. Nb3 Rc1+ 31. Kg2 Rc2 0-1

[Event "GER-ch Youth U10W 2020"]
[Site "Willingen"]
[Date "2020.10.31"]
[Round "7.21"]
[White "Margaryan, Mari"]
[Black "Mehner, Clara"]
[Result "0-1"]
[ECO "C00"]
[WhiteElo "690"]
[BlackElo "1244"]
[Annotator "NA RC"]
[PlyCount "68"]
[EventDate "2020.10.27"]
[EventType "swiss"]
[EventRounds "7"]
[EventCountry "GER"]
[SourceTitle "playchess.com"]
[Source "ChessBase"]
[SourceQuality "1"]
[TimeControl "40/4500+30:900+30"]

1. e4 e6 2. Nf3 d5 3. d3 c5 4. Bg5 Be7 5. Bxe7 Nxe7 6. Nc3 Nbc6 7. Be2 O-O 8. Ng5 Ng6 9. Bh5 Qxg5 10. g4 Nge5 11. h4 Qe7 12. Qe2 g6 13. f4 gxh5 14. fxe5 Nxe5 15. gxh5 Kh8 16. Rg1 Qxh4+ 17. Kf1 Qf4+ 18. Ke1 Nf3+ 19. Kf2 Nd4+ 20. Kg2 Nxe2 21. Nxe2 Qg4+ 22. Kf2 Qxh5 23. Nf4 Qh4+ 24. Rg3 Qxf4+ 25. Rf3 Qe5 26. Re3 Qxb2 27. Re2 Qxa1 28. Re1 Qxa2 29. Re2 Bd7 30. Rd2 Rg8 31. Ke2 Rg2+ 32. Kf1 Rxd2 33. Ke1 Qxc2 34. d4 Qc1# 0-1